 Dungeon Crawl Stone Soup version 0.27.0-1-g7a089689b8 (webtiles) character file.

Game seed: 14222778680871580230

956 funkygono the Magician (level 8, -2/44 HPs)
             Began as a Gargoyle Venom Mage on Aug 16, 2021.
             Was an Initiate of Ru.
             Slain by a sixfirhy (3 damage)
             ... summoned by a kobold demonologist
             ... on level 5 of the Dungeon.
             The game lasted 00:12:56 (6889 turns).

funkygono the Magician (Gargoyle Venom Mage)        Turns: 6889, Time: 00:12:57

Health: -2/44      AC: 15    Str: 11    XL:     8   Next: 14%
Magic:  8/15       EV: 12    Int: 19    God:    Ru [......]
Gold:   126        SH:  0    Dex: 10    Spells: 5/16 levels left

rFire    . . .     SeeInvis .   A - +1 flail (protect)
rCold    . . .     Faith    .   (no shield)
rNeg     + . .     Spirit   .   a - +0 robe
rPois    ∞         Reflect  .   (no helmet)
rElec    +         Harm     .   (no cloak)
rCorr    .         Rampage  .   y - +0 pair of gloves
Will     .....                  (no boots)
Stlth    ++........             (no amulet)
HPRegen  0.00/turn              (no ring)
MPRegen  0.14/turn              (no ring)

@: under a protective aura, inhibited regen
A: sickness immunity, AC +5, negative energy resistance 1, electricity
resistance, torment resistance 1, petrification resistance, inhibited
regeneration
a: Renounce Religion


You were on level 5 of the Dungeon.
You worshipped Ru.
Ru was noncommittal.
You visited 1 branch of the dungeon, and saw 5 of its levels.
You also visited: Ossuary.

You collected 126 gold pieces.

Inventory:

Hand Weapons
 f - a +0 whip of freezing
 A - a +1 flail of protection (weapon)
Missiles
 b - 100 stones
 c - 8 silver boomerangs
Armour
 a - a +0 robe (worn)
 y - a +0 pair of gloves (worn)
Magical Staves
 e - a staff of conjuration
Jewellery
 l - a +6 ring of dexterity
Scrolls
 d - 2 scrolls of fog
 z - a scroll of teleportation
Potions
 g - a potion of mutation
 i - a potion of might {unknown}
 j - 2 potions of curing
 k - a potion of invisibility {unknown}
 m - a potion of lignification {unknown}
 n - 2 potions of attraction
 p - a potion of resistance {unknown}
 q - a potion of ambrosia {unknown}
 r - a potion of flight {unknown}
 v - 2 potions of heal wounds {unknown}


   Skills:
 + Level 2.2 Fighting
 + Level 3.2 Maces & Flails
 + Level 2.9 Dodging
 + Level 2.8 Stealth
 + Level 4.9 Spellcasting
 + Level 2.7 Conjurations
 + Level 1.4 Transmutations
 + Level 2.2 Fire Magic
 + Level 1.1 Air Magic
 + Level 3.9 Poison Magic


You had 5 spell levels left.
You knew the following spells:

 Your Spells              Type           Power      Damage    Failure   Level
a - Sting                 Tmut/Pois      56%        1d5       4%          1
b - Poisonous Vapours     Pois/Air       28%        N/A       7%          2
c - Mephitic Cloud        Conj/Pois/Air  14%        N/A       13%         3
d - Olgreb's Toxic Radia  Pois           19%        N/A       24%         4
e - Foxfire               Conj/Fire      56%        2x1d6     4%          1

Your spell library contained the following spells:

 Spells                   Type           Power      Damage    Failure   Level
 Conjure Flame            Conj/Fire      14%        6-21      13%         3
 Inner Flame              Hex/Fire       8%         N/A       24%         3


Dungeon Overview and Level Annotations

Branches:
Dungeon (5/15)            Ossuary (visited)
 Temple: D:4-7

Altars:
Fedhas
Ru
Uskayaw


Innate Abilities, Weirdness & Mutations

You are immune to sickness and miasma.
Your stone body is resilient. (AC +5)
You are immune to poison.
You resist negative energy. (rN+)
You are resistant to electric shocks. (rElec)
You are resistant to unholy torment.
You are immune to petrification.
You do not regenerate when monsters are visible.


Message History

The kobold demonologist looks even sicker.
The kobold demonologist is moderately wounded.
The kobold demonologist mumbles some strange words.
The neqoxec hits you but does no damage.
Casting: Sting (safe; 4% risk of failure)
Confirm with . or Enter, or press ? or * to list all spells.
You conjure some foxfire!
The sixfirhy hits you. The sixfirhy shocks you. You resist.
The kobold demonologist hits you but does no damage.
The neqoxec hits you.
Unknown command.
You hit the kobold demonologist.
Your weapon exudes an aura of protection.
The kobold demonologist is heavily wounded.
The foxfire hits the kobold demonologist but does no damage.
The kobold demonologist is heavily wounded.
The foxfire hits the kobold demonologist but does no damage.
The kobold demonologist is heavily wounded.
The kobold demonologist hits you but does no damage.
The neqoxec hits you.
You hit the kobold demonologist but do no damage.
The kobold demonologist is heavily wounded.
The sixfirhy barely misses you.
The kobold demonologist barely misses you.
The sixfirhy hits you. The sixfirhy shocks you. You resist.
The neqoxec gestures at you.
Strange energies course through your body.
Your regeneration stops near monsters.
The kobold demonologist hits you but does no damage.
You barely miss the kobold demonologist.
The kobold demonologist is severely wounded.
The sixfirhy hits you but does no damage. x2
The sixfirhy hits you!
* * * LOW HITPOINT WARNING * * *
The sixfirhy shocks you. You resist.
* * * LOW HITPOINT WARNING * * *
The sixfirhy hits you.
* * * LOW HITPOINT WARNING * * *
The sixfirhy shocks you. You resist.
You die...

.........#
.........#
.........#
.........#
.........#
.........#
.........#
.......3.#
.......K@#
.......3.#
.........#
########.#
#.############
#....†.......#
############.#
#.# #.#


You could see a kobold demonologist (very poisoned), a sixfirhy (summoned) and a
neqoxec (summoned).

Vanquished Creatures
  Eustachio (D:4)
  An ogre (D:4)
  A kobold brigand (D:4)
  3 water moccasin zombies (Ossuary)
  A water moccasin skeleton (D:4)
  A jelly (D:4)
  A bullfrog skeleton (D:5)
  A hound (D:5)
  Jessica (D:3)
  4 iguanas
  Natasha (thrice) (D:2)
  2 mummies (Ossuary)
  2 adders (D:4)
  An ufetubus (D:5)
  10 adder zombies (Ossuary)
  A worm (D:2)
  A dart slug (D:2)
  6 orcs
  4 ball pythons
  6 endoplasms
  2 giant cockroaches
  3 hobgoblins
  4 jackals (D:2)
  7 kobolds
  A quokka (D:2)
  4 bats
  A frilled lizard (D:3)
  5 gnoll zombies (Ossuary)
  3 goblins
  5 hobgoblin zombies (Ossuary)
  6 kobold zombies (Ossuary)
  2 orc zombies (Ossuary)
  4 rats
98 creatures vanquished.

Vanquished Creatures (others)
  223 foxfires
223 creatures vanquished.

Grand Total: 321 creatures vanquished

Notes
Turn   | Place    | Note
-------+----------+-------------------------------------------
     0 | D:1      | funkygono the Gargoyle Venom Mage began the quest for the
                  | Orb.
     0 | D:1      | Reached XP level 1. HP: 10/10 MP: 3/3
   669 | D:1      | Found a faded altar of an unknown god.
   821 | D:1      | Reached XP level 2. HP: 14/15 MP: 3/5
   824 | D:1      | Learned a level 2 spell: Poisonous Vapours
  1100 | D:2      | Found a sacrificial altar of Ru.
  1154 | D:2      | Became a worshipper of Ru the Awakened
  1398 | D:2      | Reached skill level 1 in Transmutations
  1554 | D:2      | Reached XP level 3. HP: 19/19 MP: 4/6
  1558 | D:2      | Learned a level 3 spell: Mephitic Cloud
  1916 | D:2      | Noticed Natasha
  1933 | D:2      | Killed Natasha
  1934 | D:2      | Reached XP level 4. HP: 7/24 MP: 3/7
  2457 | D:2      | Noticed Natasha
  2470 | D:2      | Killed Natasha
  2637 | D:2      | Noticed Natasha
  2643 | D:2      | Killed Natasha
  2644 | D:2      | Reached skill level 1 in Maces & Flails
  2801 | D:3      | Noticed Jessica
  2807 | D:3      | Killed Jessica
  2808 | D:3      | Reached skill level 1 in Air Magic
  2808 | D:3      | Reached XP level 5. HP: 28/28 MP: 0/9
  2949 | D:3      | Learned a level 1 spell: Foxfire
  3445 | D:3      | Reached skill level 3 in Spellcasting
  3609 | D:3      | Found a hide-covered altar of Uskayaw.
  3836 | D:4      | Found a sand-covered staircase.
  3845 | Ossuary  | Entered an ossuary
  4360 | Ossuary  | Reached skill level 1 in Fighting
  4360 | Ossuary  | Reached skill level 1 in Conjurations
  4360 | Ossuary  | Reached XP level 6. HP: 17/34 MP: 4/10
  4588 | Ossuary  | Reached skill level 1 in Fire Magic
  5166 | D:4      | Found a blossoming altar of Fedhas.
  5173 | D:4      | Reached XP level 7. HP: 38/38 MP: 6/12
  5178 | D:4      | Learned a level 4 spell: Olgreb's Toxic Radiance
  5221 | D:4      | Noticed Eustachio
  5255 | D:4      | Killed Eustachio
  5256 | D:4      | Reached skill level 4 in Spellcasting
  6554 | D:4      | Reached XP level 8. HP: 44/44 MP: 12/15
  6676 | D:5      | Entered Level 5 of the Dungeon
  6877 | D:5      | Noticed a kobold demonologist
  6886 | D:5      | Noticed a sixfirhy
  6888 | D:5      | Gained mutation: You do not regenerate when monsters are
                  | visible. [a neqoxec]
  6889 | D:5      | HP: 1/44 [sixfirhy[a kobold demonologist] (2)]
  6889 | D:5      | Slain by a sixfirhy

Illustrated notes

Levels and vault maps discovered:
D:1:      dpeg_arrival_tiny_a, layout_loops_ring,
          hellmonk_ecumenical_altar_heavens_door, minmay_misc_feat_x
D:2:      layout_basic, serial_glass, glass_columns_a, glass_columns_a,
          basic_altar, uniq_natasha
D:3:      layout_basic, nicolae_uskayaw_dance_hall, uniq_jessica
D:4:      layout_gridville, overflow_temple_1_default, enter_ossuary_3,
          minmay_ruptured, uniq_eustachio
D:5:      cheibrodos_fzero, layout_basic

Skill      XL: |  1  2  3  4  5  6  7  8 |
---------------+-------------------------+-----
Transmutations | 1 |  1.4
Dodging        | 2 |  2.9
Maces & Flails | 1 2 3 |  3.2
Air Magic      | 1 |  1.1
Spellcasting   | 3 4 |  4.9
Fighting       | 1 2 |  2.2
Conjurations   | 1 2 |  2.7
Fire Magic     | 1 2 |  2.2
Stealth        | |  2.8
Poison Magic   | |  3.9

Action                   |  1- 3 |  4- 6 |  7- 9 || total
-------------------------+-------+-------+-------++-------
Melee: Staff             |     5 |       |       ||     5
       Unarmed           |     4 |       |       ||     4
       Whip              |    48 |   117 |    28 ||   193
       Flail             |       |       |    30 ||    30
 Cast: Sting             |    34 |    15 |     7 ||    56
       Poisonous Vapours |     4 |    11 |       ||    15
       Foxfire           |       |    97 |    33 ||   130
       Olgreb's Toxic Ra |       |       |     4 ||     4
Invok: Reject Sacrifices |       |     1 |       ||     1
  Use: Scroll            |     2 |     3 |     8 ||    13
Armor: Robe              |    23 |    69 |    31 ||   123
Dodge: Dodged            |    56 |    94 |    56 ||   206
